 Dungeon Crawl Stone Soup version 0.30-a0-585-g93115170b9 (webtiles) character file.

Game seed: 6751340949350048892

661 OTABOTABOTAB the Changer (level 7, 0/44 HPs)
             Began as an Octopode Transmuter on Jan 2, 2023.
             Was an Initiate of Gozag.
             Slain by Menkaure (6 damage)
             ... on level 5 of the Dungeon.
             The game lasted 00:10:59 (4341 turns).

OTABOTABOTAB the Changer (Octopode Transmuter)      Turns: 4341, Time: 00:11:00

Health: 0/44       AC:  2    Str:  9    XL:     7   Next: 56%
Magic:  10/10      EV: 21    Int: 15    God:    Gozag
Gold:   182        SH:  0    Dex: 20    Spells: 2/10 levels left

rFire   . . .      SeeInvis .      - Unarmed
rCold   . . .      Faith    .    (shield currently unavailable)
rNeg    . . .      Spirit   .    (helmet currently unavailable)
rPois   x          Reflect  .    r - amulet of magic regeneration
rElec   .          Harm     .    t - ring of flight {+Fly, !d}
rCorr   .          Rampage  .    (no ring)
Will    .....                    (no ring)
Stlth   ++                       (no ring)
HPRegen 0.27/turn                (no ring)
MPRegen 0.52/turn                (no ring)
                                 (no ring)
                                 (no ring)

@: spider-form, flying
A: venomous fangs, almost no armour, (amphibious), 8 rings, tiny, (camouflage
1), (gelatinous body 1), (nimble swimmer 1), (tentacles)
a: End Transformation, Renounce Religion, Potion Petition, Call Merchant, Bribe
Branch


You were on level 5 of the Dungeon.
You worshipped Gozag.
Gozag was aware of your devotion.
You were a venomous arachnid creature.
You visited 1 branch of the dungeon, and saw 5 of its levels.

You collected 219 gold pieces.
You paid 37 gold pieces to Gozag.

Inventory:

Missiles
 g - 3 poisoned darts
 m - 3 boomerangs
 q - 6 silver boomerangs
Armour
 p - a +0 buckler (melded)
   (You found it on level 1 of the Dungeon)
Jewellery
 r - an amulet of magic regeneration (around neck)
   (You found it on level 4 of the Dungeon)
 t - a ring of flight (left front leg) {+Fly, !d}
   (You found it on level 5 of the Dungeon)
Wands
 h - a wand of acid (10)
   (You found it on level 4 of the Dungeon)
Scrolls
 b - 5 scrolls of identify {unknown}
 c - 2 scrolls of vulnerability {unknown}
 d - 3 scrolls of enchant weapon {unknown}
 j - 2 scrolls of teleportation {unknown}
 l - a scroll of poison {unknown}
 n - a scroll of immolation {unknown}
 o - 2 scrolls of enchant armour {unknown}
Potions
 a - a potion of brilliance {unknown}
 e - 4 potions of curing {unknown}
 f - a potion of degeneration {unknown}
 i - a potion of berserk rage {unknown}
 k - a potion of cancellation {unknown}
 s - a potion of flight {unknown}
 P - 3 potions of lignification {!q}


   Skills:
 - Level 1.7 Fighting
 * Level 3.5 Dodging
 * Level 4.1 Unarmed Combat
 - Level 2.0 Spellcasting
 + Level 6.0 Transmutations
 * Level 1.3 Ice Magic
 - Level 3.0 Poison Magic


You had 2 spell levels left.
You knew the following spells:

 Your Spells              Type           Power      Damage    Failure   Level
a - Beastly Appendage     Tmut           38%        N/A       8%          1
b - Ice Form              Ice/Tmut       12%        N/A       65%         4
c - Spider Form           Tmut/Pois      15%        N/A       26%         3

Your spell library contained the following spells:

 Spells                   Type           Power      Damage    Failure   Level
 Wereblood                Tmut           19%        N/A       10%         2
 Passwall                 Tmut/Erth      8%         N/A       24%         2
 Apportation              Tloc           2%         N/A       43%         1
 Necrotise                Necr           4%         1d4       43%         1
 Sandblast                Erth           2%         2d4       43%         1
 Summon Small Mammal      Summ           4%         N/A       43%         1
 Ensorcelled Hibernation  Hex/Ice        6%         N/A       47%         2
 Frozen Ramparts          Ice            10%        1d2       58%         3
 Stone Arrow              Conj/Erth      2%         3d7       75%         3
 Summon Ice Beast         Ice/Summ       3%         N/A       95%         4
 Anguish                  Hex/Necr       0%         N/A       98%         4


Dungeon Overview and Level Annotations

Branches:
Dungeon (5/15)             Temple (0/1) D:5

Altars:
Gozag
Hepliaklqana
Nemelex Xobeh
Sif Muna
Trog
Vehumet
Wu Jian
Yredelemnul

Annotations:
D:5 Menkaure


Innate Abilities, Weirdness & Mutations

You are a venomous arachnid creature.
You have poisonous fangs.
You are tiny and dextrous.
Your spellcasting is less reliable in this form.
Your armour is entirely melded.
You are incapable of wielding weapons or throwing items.
You cannot wear most types of armour.
((You are amphibious.))
You can wear up to eight rings at the same time.
((Your skin changes colour to match your surroundings (Stealth+).))
((Your rubbery body absorbs attacks. (AC +1, EV +1)))
((You are camouflaged when in or above water. (Stealth+)))
((You have tentacles for arms and can constrict up to eight enemies at once.))


Message History

Your transformation has ended.
Your +0 buckler unmelds from your body.
The jelly hits you.
You are splashed with acid!
You take 14 damage, and have 17/44 hp.
MASSIVE DAMAGE!!
You turn into a venomous arachnid creature.
Your +0 buckler melds into your body.
The jelly closely misses you.
You now have 7/10 mp.
You hit the jelly but do no damage.
The jelly looks even sicker.
Your front legs burn!
* * * LOW HITPOINT WARNING * * *
The jelly completely misses you.
You take 5 damage, and have 13/44 hp.
You hit the jelly.
Your front legs burn!
* * * LOW HITPOINT WARNING * * *
The jelly completely misses you.
You take 5 damage, and have 8/44 hp.
You hit the jelly.
You kill the jelly!
Okay, then.
MP restored: 10 You don't know that spell.
You start resting.
You are no longer corroded.
You regained 2 hp, and now have 11/44 hp.
Unknown command.
You start resting.
Your transformation is almost over.
Your transformation has ended.
Your +0 buckler unmelds from your body.
You regained 5 hp, and now have 16/44 hp.
You start resting.
Health restored: 44 Unknown command.
Nothing quivered!
You now have 154 gold pieces (gained 8).
You now have 162 gold pieces (gained 8).
o - 2 scrolls labelled ITIOLA OKIU (gained 1)
You now have 182 gold pieces (gained 20).
b - 5 scrolls labelled SUUM LEPOYSU (gained 1)
Found an escape hatch in the ceiling.
You reach down and open the door.
You reach down and open the door.
There is an open door here.
There is an open door here.
You turn into a venomous arachnid creature.
Your +0 buckler melds into your body.
Menkaure shouts!
You now have 7/10 mp.
Unknown command.
Menkaure calls on the powers of darkness!
Your body is wracked with pain!
You take 21 damage, and have 23/44 hp.
MASSIVE DAMAGE!!
You are too injured to fight recklessly!
You are too injured to fight recklessly!
You are too injured to fight recklessly!
Unknown command.
You hit Menkaure. You hit Menkaure but do no damage.
Menkaure closely misses you.
You hit Menkaure but do no damage. Menkaure completely misses you.
You hit Menkaure but do no damage. Menkaure closely misses you.
MP restored: 10 You barely miss Menkaure.
Menkaure casts a spell.
Menkaure seems to speed up.
You hit Menkaure. Menkaure hits you but does no damage.
You hit Menkaure but do no damage. Menkaure closely misses you.
You hit Menkaure. Menkaure closely misses you.
You hit Menkaure but do no damage. Menkaure misses you.
You hit Menkaure. Menkaure misses you.
You hit Menkaure.
Menkaure calls on the powers of darkness!
Your body is wracked with pain!
You take 11 damage, and have 14/44 hp.
MASSIVE DAMAGE!!
You hit Menkaure but do no damage. Menkaure barely misses you.
You hit Menkaure but do no damage. Menkaure completely misses you.
Menkaure gestures at you while chanting.
Pain shoots through your body!
* * * LOW HITPOINT WARNING * * *
You take 10 damage, and have 5/44 hp.
MASSIVE DAMAGE!!
You feel much better. Menkaure misses you.
You regained 26 hp, and now have 31/44 hp.
You hit Menkaure but do no damage.
Menkaure points at you and mumbles some strange words.
Pain shoots through your body!
You take 14 damage, and have 17/44 hp.
MASSIVE DAMAGE!!
You hit Menkaure. Menkaure misses you.
You hit Menkaure but do no damage. Menkaure hits you!
* * * LOW HITPOINT WARNING * * *
You take 8 damage, and have 10/44 hp.
You bite Menkaure! Menkaure hits you.
* * * LOW HITPOINT WARNING * * *
You take 4 damage, and have 6/44 hp.
You completely miss Menkaure. Menkaure hits you.
You die...
Your body crumbles into a pile of gold.

#..<..# ########.....#
.......'.....######
########...........
..##..'......##### .
#.##.##.....##
.######.#...#.....#
........#...#...###
#.#...Ms........#
#.#.........#.#.#
#.#.........#.#.#### #
#.#.........#.#....# #
#.#.....#.#.#.###..## ##
#.#.##.#..#.#.# ##..# #.
#...##....#.#.#####.###.
#>................#..#..
#....#....#.#.######...#


You could see Menkaure (fast).

Vanquished Creatures
  A black bear (D:5)
  An ogre (D:4)
  A bullfrog (D:4)
  Blork the orc (D:4)
  A jelly (D:5)
  A hound (D:5)
  Jessica (D:2)
  Natasha (thrice) (D:2)
  5 adders
  7 gnolls
  An ufetubus (D:5)
  A dart slug (D:4)
  2 orcs
  7 ball pythons
  4 endoplasms (D:1)
  2 giant cockroaches
  5 goblins
  7 hobgoblins
  4 jackals (D:3)
  6 quokkas
  10 bats
  A frilled lizard (D:1)
  7 kobolds
  3 rats
82 creatures vanquished.

Notes
Turn   | Place    | Note
-------+----------+-------------------------------------------
     0 | D:1      | OTABOTABOTAB the Octopode Transmuter began the quest for
                  | the Orb.
     0 | D:1      | Reached XP level 1. HP: 13/13 MP: 3/3
    91 | D:1      | Found a faded altar of an unknown god.
   105 | D:1      | Reached XP level 2. HP: 9/18 MP: 3/5
   458 | D:1      | Reached XP level 3. HP: 23/24 MP: 4/6
   477 | D:1      | Learned a level 3 spell: Spider Form
   764 | D:2      | Reached skill level 1 in Poison Magic
   844 | D:2      | Noticed Jessica
   850 | D:2      | Killed Jessica
   851 | D:2      | Reached skill level 2 in Poison Magic
   851 | D:2      | Reached XP level 4. HP: 13/29 MP: 5/7
  1244 | D:2      | Noticed Natasha
  1255 | D:2      | Killed Natasha
  1256 | D:2      | Reached skill level 3 in Transmutations
  1345 | D:2      | Noticed Natasha
  1352 | D:2      | HP: 7/29 [Natasha (8)]
  1354 | D:2      | Killed Natasha
  1355 | D:2      | Reached skill level 3 in Poison Magic
  1355 | D:2      | Reached XP level 5. HP: 9/34 MP: 6/8
  1646 | D:2      | Noticed Natasha
  1654 | D:2      | Killed Natasha
  1961 | D:3      | Reached skill level 4 in Transmutations
  2138 | D:3      | Identified the +1 robe of Prudence {Str+2}
  2623 | D:4      | Noticed an ogre
  2637 | D:4      | Killed an ogre
  2638 | D:4      | Reached skill level 5 in Transmutations
  2638 | D:4      | Reached XP level 6. HP: 16/39 MP: 3/9
  2748 | D:4      | Noticed Blork the orc
  2990 | D:4      | Killed Blork the orc
  3042 | D:4      | Learned a level 4 spell: Ice Form
  3065 | D:4      | Reached XP level 7. HP: 14/44 MP: 10/10
  3320 | D:4      | Found a shimmering blue altar of Sif Muna.
  3320 | D:4      | Found an opulent altar of Gozag.
  3321 | D:4      | Found a sparkling altar of Nemelex Xobeh.
  3322 | D:4      | Found a radiant altar of Vehumet.
  3322 | D:4      | Found a hazy altar of Hepliaklqana.
  3322 | D:4      | Found a basalt altar of Yredelemnul.
  3323 | D:4      | Found a bloodstained altar of Trog.
  3324 | D:4      | Found an ornate altar of the Wu Jian Council.
  3376 | D:4      | Reached skill level 3 in Dodging
  3756 | D:4      | Became a worshipper of Gozag Ym Sagoz the Greedy
  3775 | D:5      | Entered Level 5 of the Dungeon
  3827 | D:5      | Reached skill level 4 in Unarmed Combat
  3827 | D:5      | Reached skill level 6 in Transmutations
  3827 | D:5      | Reached skill level 1 in Ice Magic
  3867 | D:5      | Found a staircase to the Ecumenical Temple.
  4093 | D:5      | Noticed Menkaure
  4105 | D:5      | HP: 8/44 [acid (5)]
  4335 | D:5      | HP: 5/44 [Menkaure/nerve-wracking pain (10)]
  4340 | D:5      | HP: 6/44 [Menkaure (4)]
  4341 | D:5      | Slain by Menkaure

Illustrated notes

Levels and vault maps discovered:
D:1:      lightli_arrival_maybe_door_vault, layout_rooms,
          hellmonk_ecumenical_altar_arch_garden
D:2:      layout_basic, uniq_jessica, uniq_natasha
D:3:      layout_basic
D:4:      layout_rooms, grunt_temple_overflow_open, uniq_blork_the_orc
D:5:      layout_basic, minmay_temple_entry_waves, serial_curves,
          eino_curves_03, eino_curves_01, minmay_pentangle, uniq_menkaure

Skill      XL: |  1  2  3  4  5  6  7 |
---------------+----------------------+-----
Poison Magic   | 2 3 |  3.0
Transmutations | 3 5 6 |  6.0
Dodging        | 3 |  3.5
Unarmed Combat | 4 |  4.1
Ice Magic      | 1 |  1.3
Fighting       | |  1.7
Spellcasting   | |  2.0

Action                   |  1- 3 |  4- 6 |  7- 9 || total
-------------------------+-------+-------+-------++-------
Melee: Unarmed           |    75 |   104 |    59 ||   238
       Kick              |    23 |    21 |     1 ||    45
       Constrict         |    21 |    21 |     1 ||    43
       Punch             |     1 |     3 |       ||     4
       Tentacles         |    13 |    16 |       ||    29
Throw: Stone             |    19 |    13 |       ||    32
 Cast: Beastly Appendage |    21 |    20 |     2 ||    43
       Spider Form       |       |     4 |     6 ||    10
 Abil: End Transformatio |    17 |    18 |     4 ||    39
  Use: Potion            |       |       |     1 ||     1
 Stab: Sleeping          |     2 |     3 |     1 ||     6
Armor: Skin              |     9 |     6 |     4 ||    19
Dodge: Dodged            |    44 |    82 |    54 ||   180
Block: Buckler           |     3 |     6 |     1 ||    10

Table legend: (Time is in decaauts)
 A = Elapsed time spent in this place.
 B = Non-inter-level travel time spent in this place.
 C = Inter-level travel time spent in this place.
 D = Time resting spent in this place.
 E = Time spent auto-exploring this place.
 F = Levels seen in this place.
 G = Mean time per level.
                   A        B        C        D        E       F      G
               +--------+--------+--------+--------+--------+-----+--------+
         Total |   4345 |   4198 |    147 |    807 |   2651 |   5 |  869.0 |
       Dungeon |   4345 |   4198 |    147 |    807 |   2651 |   5 |  869.0 |
               +--------+--------+--------+--------+--------+-----+--------+

Top non-repeatable levels by time:
     D:3: 1211 daAuts
     D:2: 1056 daAuts
     D:4: 905 daAuts
     D:1: 609 daAuts
     D:5: 562 daAuts

Table legend:
 A = Kills in this place as a percentage of kills in entire the game.
 B = Kills by you in this place as a percentage of kills by you in the entire game.
 C = Kills by friends in this place as a percentage of kills by friends in the entire game.
 D = Other kills in this place as a percentage of other kills in the entire game.
 E = Experience gained in this place as a percentage of experience gained in the entire game.
 F = Experience gained in this place divided by the number of levels of this place that you have seen.
                   A       B       C       D       E      F
               +-------+-------+-------+-------+-------+----------------------
         Total | 100.0 | 100.0 |   N/A |   N/A | 100.0 | 189.0
       Dungeon | 100.0 | 100.0 |   N/A |   N/A | 100.0 | 189.0
               +-------+-------+-------+-------+-------+----------------------
